 Dungeon Crawl Stone Soup version 0.28-a0-1567-g1695149f81 (webtiles) character file.

Game seed: 13918614267482770623

30 southernslant the Poker (level 3, -1/22 HPs)
             Began as a Gargoyle Gladiator on Jan 19, 2022.
             Hit by a goblin thrown by Robin (3 damage)
             ... on level 2 of the Dungeon.
             The game lasted 00:01:53 (906 turns).

southernslant the Poker (Gargoyle Gladiator)         Turns: 906, Time: 00:01:54

Health: -1/22      AC:  7    Str: 19    XL:     3   Next: 18%
Magic:  3/3        EV: 12    Int:  8    God:
Gold:   51         SH:  0    Dex: 11    Spells: 2/2 levels left

rFire   . . .      SeeInvis .   h - +1 trident (venom)
rCold   . . .      Faith    .   (no shield)
rNeg    + . .      Spirit   .   b - +0 leather armour
rPois   ∞          Reflect  .   c - +0 helmet
rElec   +          Harm     .   (no cloak)
rCorr   .          Rampage  .   (no gloves)
Will    .....                   (no boots)
Stlth   +.........              (no amulet)
HPRegen 0.07/turn               (no ring)
MPRegen 0.08/turn               (no ring)

@: no status effects
A: sickness immunity, AC +3, negative energy resistance 1, electricity
resistance, torment resistance 1, petrification resistance
a: no special abilities


You were on level 2 of the Dungeon.
You visited 1 branch of the dungeon, and saw 2 of its levels.

You collected 51 gold pieces.

Inventory:

Hand Weapons
 a - a +0 trident
 h - a +1 trident of venom (weapon)
Missiles
 d - 3 throwing nets (quivered)
 i - 100 stones
Armour
 b - a +0 leather armour (worn)
 c - a +0 helmet (worn)
Scrolls
 e - 2 scrolls of fog {unknown}
 g - a scroll of magic mapping {unknown}
Potions
 f - a potion of curing {unknown}
 j - a potion of flight {unknown}
 k - a potion of haste {unknown}


   Skills:
 * Level 2.7 Fighting
 + Level 2.9 Polearms
 + Level 2.1 Throwing
 * Level 0.7 Armour
 + Level 2.6 Dodging


You had 2 spell levels left.
You didn't know any spells.
Your spell library was empty.

Dungeon Overview and Level Annotations

Branches:
Dungeon (2/15)

Altars:

Annotations:
D:2 Robin


Innate Abilities, Weirdness & Mutations

You are immune to sickness and miasma.
Your stone body is resilient. (AC +3)
You are immune to poison.
You resist negative energy. (rN+)
You are resistant to electric shocks. (rElec)
You are resistant to unholy torment.
You are immune to petrification.


Message History

You kill the goblin!
Robin throws the goblin at you! The goblin hits you but does no damage.
A goblin comes into view. It is wielding a +0 club.
The goblin closely misses you.
There is an open door here.
Items here: ))) †.
You barely miss the goblin.
Robin points. "Kill!"
Robin roars a battlecry!
The goblins go into a battle-frenzy!
The goblin hits you but does no damage. x2
You barely miss the goblin.
The goblin hits you but does no damage. x2
Robin throws the goblin at you! The goblin hits you with a +0 dagger.
You puncture the goblin!
You kill the goblin!
The goblin hits you with a +0 club. The goblin hits you with a +0 dagger.
The goblin hits you with a +0 club.
* * * LOW HITPOINT WARNING * * *
The goblin completely misses you.
Things that are here:
a +0 dagger; a goblin corpse The goblin closely misses you.
You open the door.
The hobgoblin no longer looks unusually strong.
Robin says, "Duck!"
The goblin hits you with a +0 dagger.
* * * LOW HITPOINT WARNING * * *
The goblin barely misses you.
There is an open door here.
Okay, then.
The goblin no longer looks unusually strong.
The hobgoblin no longer looks unusually strong.
The goblin no longer looks unusually strong.
Robin throws the goblin at you!
You hit the goblin.
You kill the goblin!
The goblin no longer looks unusually strong.
The goblin barely misses you. Robin throws the goblin at you!
You die...

#....... .. #####)## #.# #......
##+## #.# #....## ##...## #.#
#.#.### ##.....## ### #.# #......
##.......## ##.###.# ###..##
##........g####...##.########...#
.))........gggg.@................
##........g####..g...#######....#
##......>###....#...# ##.#..##
##.....###..#.###).# ##.###.##
##........###.#...# #.## ##.#
##..####..#.8.#..# ##.###.## #†.#
#...#.###.# ##.#.##
#..####..###.#..# ##.##
##..#......# ...## #.#


You could see Robin, 3 hobgoblins and 3 goblins.

Vanquished Creatures
  3 bats (D:1)
  An endoplasm (D:1)
  A giant cockroach (D:1)
  8 goblins
  2 hobgoblins
  2 quokkas
  4 ball pythons
  2 frilled lizards (D:1)
  2 kobolds (D:1)
  A rat (D:1)
26 creatures vanquished.

Notes
Turn   | Place    | Note
-------+----------+-------------------------------------------
     0 | D:1      | southernslant the Gargoyle Gladiator began the quest for
                  | the Orb.
     0 | D:1      | Reached XP level 1. HP: 12/12 MP: 1/1
   384 | D:1      | Reached XP level 2. HP: 18/18 MP: 2/2
   867 | D:2      | Reached XP level 3. HP: 22/22 MP: 3/3
   882 | D:2      | Noticed Robin
   906 | D:2      | Hit by a goblin thrown by Robin

Illustrated notes

Levels and vault maps discovered:
D:1:      moated_graveyard_arrival, layout_loops_corners
D:2:      layout_loops_corners, basic_ecumenical_altar, minmay_pentomino_x4,
          uniq_robin

Skill      XL: |  1 |
---------------+----+-----
Throwing       | 2 |  2.1
Fighting       | |  2.7
Polearms       | |  2.9
Armour         | |  0.7
Dodging        | |  2.6

Action                   || total
-------------------------++-------
Melee: Trident           ||    55
Armor: Leather armour    ||    21
Dodge: Dodged            ||    29

Table legend: (Time is in decaauts)
 A = Elapsed time spent in this place.
 B = Non-inter-level travel time spent in this place.
 C = Inter-level travel time spent in this place.
 D = Time resting spent in this place.
 E = Time spent auto-exploring this place.
 F = Levels seen in this place.
 G = Mean time per level.
                   A        B        C        D        E       F      G
               +--------+--------+--------+--------+--------+-----+--------+
         Total |    913 |    913 |      0 |      0 |    758 |   2 |  456.5 |
       Dungeon |    913 |    913 |      0 |      0 |    758 |   2 |  456.5 |
               +--------+--------+--------+--------+--------+-----+--------+

Top non-repeatable levels by time:
     D:1: 759 daAuts
     D:2: 153 daAuts
